 Dungeon Crawl Stone Soup version 0.16-a0-3633-g6873515 (webtiles) character file.

66 vatarom the Sneak (level 4, -6/20 HPs)
             Began as a Vine Stalker Assassin on Jan 14, 2015.
             Mangled by Grinder (7 damage)
             ... on level 3 of the Dungeon.
             The game lasted 00:04:32 (1755 turns).

vatarom the Sneak (Vine Stalker Assassin)           Turns: 1755, Time: 00:04:32

Health: -6/20      AC:  5    Str: 14      XL:     4   Next: 15%
Magic:  0/4        EV: 11    Int: 11      God:
Gold:   183        SH:  0    Dex: 16 (18) Spells: 0 memorised, 3 levels left

rFire  . . .     SeeInvis .     k - +2 dagger (freeze)
rCold  . . .     Clarity  .     c - +0 robe
rNeg   . . .     SustAb   .     (no shield)
rPois  .         Gourm    .     (no helmet)
rElec  .         Spirit   +     d - +2 cloak
rCorr  .         Warding  .     (no gloves)
rMut   .         Stasis   .     (no boots)
MR     .....                    (no amulet)
Stlth  +++.......               (no ring)
                                (no ring)

@: not resistant to hostile enchantments, fairly stealthy
A: fangs 2, thin skeletal structure 1, deterioration 1, frail 1, low mp 1,
regeneration 1, screaming 1, magic shield, antimagic bite, no device heal 3, rot
immunity, MP-powered wands 1
a: no special abilities


You were on level 3 of the Dungeon.
You were not hungry.

You visited 1 branch of the dungeon, and saw 3 of its levels.

You collected 183 gold pieces.

Inventory:

Hand weapons
 a - a +3 dagger
 b - a +0 blowgun
 k - a +2 dagger of freezing (weapon)
Missiles
 e - 8 poisoned needles
 h - 2 needles of paralysis
Armour
 c - a +0 robe (worn)
 d - a +2 cloak (worn)
Jewellery
 n - an uncursed ring of teleportation (quivered)
Scrolls
 i - 4 scrolls of identify
 o - a scroll of recharging {unknown}
Potions
 m - 2 potions of curing
Comestibles
 g - 3 bread rations
 j - a beef jerky
 l - a meat ration


   Skills:
 - Level 1.7 Fighting
 + Level 3.8 Short Blades
 - Level 1.7 Throwing
 - Level 0.7 Dodging
 - Level 5.0 Stealth


You had 3 spell levels left.
You didn't know any spells.

Dungeon Overview and Level Annotations

Branches:
Dungeon (3/15)

Altars:
Makhleb
Sif Muna

Annotations:
D:3 Grinder


Innate Abilities, Weirdness & Mutations

You have extremely sharp teeth.
Your natural rate of healing is unusually fast.
When hurt, damage is shared between your health and your magic reserves.
Your bite disrupts and absorbs the magic of your enemies.
Potions and wands cannot restore your health.
You are immune to rotting.
You have a somewhat thin skeletal structure (Dex +2, Stealth).
Your body is slowly deteriorating.
You are frail (-10% HP).
Your magical capacity is low (-10% MP).
You occasionally shout uncontrollably at your foes.
You expend magic power (3 MP) to slightly strengthen your wands.


Message History

Firing (i - inventory. (,) - cycle):
h - 3 needles of paralysis (quivered)
Press: ? - help, Shift-Dir - straight line, f/p - Grinder
Aim: Grinder You shoot a needle of paralysis.
The needle of paralysis closely misses Grinder.
Grinder hits you!
* * * LOW HITPOINT WARNING * * *
You writhe in agony. x2
Read which item? (? for menu, Esc to quit)
Okay, then.
Wield which item (- for none, * to show all)? (? for menu, Esc to quit)
It glows with a cold blue light!
k - a +2 dagger of freezing (weapon)
You hit Grinder. Your bite misses Grinder.
Grinder is lightly wounded.
Grinder barely misses you.
You hit Grinder. You bite Grinder, but do no damage.
Grinder is lightly wounded.
Grinder hits you!
You die...

.......#... ....
#..#................
...#.. ............
...#.##........$..# .
...#..............##.
.................... .
.......##.........# ...
..##.#..##........##...#
.....##.........@5.(#...#
.#########............#
## ##...#####...... #...#
(### ##..# # ....# ...#.#
....... ....#...


You could see Grinder.

Vanquished Creatures
  An adder (D:2)
  2 giant mites
  A worm (D:2)
  A giant cockroach (D:2)
  5 goblins
  7 hobgoblins
  2 jackals (D:2)
  2 quokkas (D:2)
  2 bats (D:2)
  2 giant newts
  4 kobolds
  8 rats
37 creatures vanquished.

Notes
Turn   | Place    | Note
--------------------------------------------------------------
     0 | D:1      | vatarom, the Vine Stalker Assassin, began the quest for the Orb.
     0 | D:1      | Reached XP level 1. HP: 11/11 MP: 1/1
    39 | D:1      | Reached skill level 5 in Stealth
   209 | D:1      | Reached XP level 2. HP: 15/15 MP: 3/3
   803 | D:2      | Gained mutation: You are frail (-10% HP). [potion of mutation]
   803 | D:2      | Gained mutation: You occasionally shout uncontrollably at your foes. [potion of mutation]
   803 | D:2      | Gained mutation: You have a somewhat thin skeletal structure (Dex +2, Stealth). [potion of mutation]
   810 | D:2      | Gained mutation: Your magical capacity is low (-10% MP). [potion of mutation]
   810 | D:2      | Gained mutation: Your body is slowly deteriorating. [potion of mutation]
   810 | D:2      | Gained mutation: You expend magic power (3 MP) to slightly strengthen your wands. [potion of mutation]
   831 | D:2      | Reached XP level 3. HP: 12/16 MP: 3/3
  1314 | D:2      | Found a deep blue altar of Sif Muna.
  1483 | D:2      | Found a burning altar of Makhleb.
  1606 | D:2      | Reached XP level 4. HP: 15/20 MP: 4/4
  1743 | D:3      | Noticed Grinder
  1752 | D:3      | HP: 1/20 [Grinder (6)]
  1755 | D:3      | Mangled by Grinder

Action                   |  1- 3 |  4- 6 || total
-------------------------+-------+-------++-------
Melee: Dagger            |   108 |    10 ||   118
 Fire: Blowgun           |     3 |     6 ||     9
  Use: Scroll            |     8 |       ||     8
       Potion            |     8 |       ||     8
 Stab: Sleeping          |     5 |     1 ||     6
  Eat: Bread ration      |     1 |       ||     1
